 Dungeon Crawl Stone Soup version 0.22-a0-224-g8cf3520 (webtiles) character file.

179780 Gorglomux the Severer (level 17, -1/161 HPs)
             Began as a Minotaur Abyssal Knight on Feb 20, 2018.
             Was a High Priest of Makhleb.
             Killed from afar by a nagaraja (6 damage)
             ... with a splash of poison
             ... on level 4 of the Snake Pit.
             The game lasted 00:53:48 (36911 turns).

Gorglomux the Severer (Minotaur Abyssal Knight)    Turns: 36911, Time: 00:53:49

Health: -1/161     AC: 23    Str: 25    XL:     17   Next: 62%
Magic:  23/23      EV: 10    Int:  9    God:    Makhleb [*****.]
Gold:   2104       SH: 18    Dex: 12    Spells: 16/16 levels left

rFire    + . .     SeeInvis .   a - +7 broad axe (chop)
rCold    + . .     Gourm    .   N - +0 large shield
rNeg     . . .     Faith    .   J - +0 chain mail
rPois    +         Spirit   .   n - +2 hat {MR+}
rElec    .         Reflect  .   A - +2 cloak {rPois}
rCorr    .         Harm     .   t - +0 pair of gloves of Tender Moments {rF+ Str+3}
MR       +++..                  (no boots)
Stlth    ..........             r - amulet of regeneration
HPRegen  0.76/turn              m - ring of protection from magic
MPRegen  0.18/turn              o - ring of poison resistance

@: lethally poisoned (-1 -> -8), about to teleport, constricted
A: retaliatory headbutt, horns 2, icy blue scales 1, camouflage 1, cold
resistance 1
a: Minor Destruction, Lesser Servant of Makhleb, Major Destruction, Greater
Servant of Makhleb, Renounce Religion


You were on level 4 of the Snake Pit.
You worshipped Makhleb.
Makhleb was extremely pleased with you.
You were not hungry.

You visited 6 branches of the dungeon, and saw 30 of its levels.
You visited the Abyss 5 times.

You collected 3265 gold pieces.
You spent 1161 gold pieces at shops.

Inventory:

Hand Weapons
 a - a +7 broad axe of chopping (weapon)
 b - a +3 scimitar of flaming
Missiles
 Z - 2 throwing nets (quivered)
Armour
 n - a +2 hat of magic resistance (worn)
 t - the +0 pair of gloves of Tender Moments (worn) {rF+ Str+3}
   (You found it on level 4 of the Lair of Beasts)

   It affects your strength (+3).
   It protects you from fire.
 A - a +2 cloak of poison resistance (worn)
 J - a +0 chain mail (worn)
 N - a +0 large shield (worn)
Jewellery
 c - an uncursed ring of protection from cold
 f - an uncursed ring of protection from fire
 m - a ring of protection from magic (left hand)
 o - a ring of poison resistance (right hand)
 r - an amulet of regeneration (around neck)
 Y - an uncursed ring of magical power
Wands
 D - a wand of digging (22)
 E - a wand of enslavement (27)
 I - a wand of iceblast (12)
 O - a wand of clouds (6)
 P - a wand of paralysis (23)
Scrolls
 i - 13 scrolls of remove curse
 q - 3 scrolls of fear
 x - 7 scrolls of immolation
 B - 5 scrolls of blinking
 F - 4 scrolls of fog
 K - 4 scrolls of enchant armour
 M - a scroll of magic mapping
 R - 6 scrolls of identify
 S - a scroll of summoning
 T - 6 scrolls of teleportation
Potions
 g - 2 potions of heal wounds
 l - 2 potions of flight
 p - 3 potions of agility
 s - 2 potions of lignification
 u - a potion of magic
 w - 2 potions of invisibility
 y - a potion of mutation {!q}
 z - 5 potions of might
 C - 5 potions of cancellation
 G - a potion of haste
 H - 4 potions of resistance
 Q - 4 potions of curing
 U - 9 potions of brilliance
Miscellaneous
 X - a phial of floods
Comestibles
 W - 46 rations


   Skills:
 + Level 17.2 Fighting
 + Level 17.9 Axes
 + Level 17.0 Armour
 - Level 13.9 Dodging
 + Level 10.0 Shields
 - Level 10.1 Invocations
 - Level 6.5 Evocations


You had 16 spell levels left.
You didn't know any spells.

Dungeon Overview and Level Annotations

Branches:
Dungeon (15/15)            Temple (1/1) D:7            Lair (6/6) D:11
  Swamp (2/4) Lair:4        Snake (4/4) Lair:2        Slime (0/5) Lair:6
    Orc (2/2) D:10            Elf (0/3) Orc:2        Vaults (0/5) D:13
 Depths (0/5) D:15

Altars:
Ashenzari
Cheibriados
Dithmenos
Elyvilon
Fedhas
Gozag
Hepliaklqana
Kikubaaqudgha
Makhleb
Nemelex Xobeh
Okawaru
Qazlal
Ru
Sif Muna
Trog
Uskayaw
Vehumet
Wu Jian
Xom
Yredelemnul
Zin
The Shining One
Beogh
Jiyva

Shops:
D:11 !   D:14 [   Orc:1 !   Orc:2 %*[(   Snake:4 %=%*

Annotations:
D:6 1 runed door
D:8 2 transporters
D:10 xp bank
Lair:4 exclusion: 2 oklob plants
Lair:6 exclusion: oklob plant
Abyss:1 Erolcha, Fannar, Josephine


Innate Abilities, Weirdness & Mutations

You reflexively headbutt those who attack you in melee.
You have a pair of horns on your head.
You are partially covered in icy blue scales. (AC +2)
Your skin changes colour to match your surroundings (Stealth+).
Your flesh is cold resistant. (rC+)


Message History

The anaconda closely misses you!
The anaconda bites you! * * * don't die * * * x2
The anaconda constricts you!
You block the guardian serpent's attack! x2
The naga hits you with a war axe of electrocution! * * * don't die
* * * You are electrocuted!!! * * * don't die
* * * You block the anaconda's attack!
The naga warrior spits poison at you!
The splash of poison hits butt!!!
You are more poisoned!
You resist! * * * don't die
* * * The anaconda bites you!!! * * * don't die
* * * The anaconda constricts you!
The nagaraja spits poison at you! The splash of poison hits you!!!
You resist! rip

.....## ##....#. .^....## ...
....##.....#. .......##...#
#...##......#' #.......##...#
#...##......... #........##...#
#...##..........
#.........##.[.##...##.....###...
#.###......##......##.....##.####
#.#.+.......##.SSS##......#......
#.'.#........##N@##..)....#......
..#+#..........SNN))))....'......
...............##.........#......
..........................##..'##
...........)...............####..
.............)...................
#+#.###.....)((..................
#.###.#..........................
......#..........###..###...###..


You could see a naga warrior, a nagaraja, 2 anacondas, 2 guardian serpents and a
naga.

Vanquished Creatures
  5 tentacled starspawn
  A thorn hunter (Swamp:2)
  A daeva (Abyss:3)
  An orc warlord (Orc:2)
  Aizul (Swamp:1)
  2 cacodemons
  A lorocyproca (Abyss:4)
  Snorg (D:13)
  8 vault guards (D:13)
  9 naga warriors
  2 hydras
  A rakshasa (D:15)
  A merfolk avatar (Lair:6)
  2 catoblepae
  6 alligators
  A centaur warrior (D:14)
  8 anacondas
  A death knight (Abyss:3)
  A two-headed ogre (D:14)
  A hell hog (Abyss:4)
  A death yak (D:10)
  10 thrashing horrors
  2 orc high priests (Orc:2)
  Urug (Lair:4)
  5 naga sharpshooters
  Nergalle (Orc:1)
  8 shock serpents
  A sixfirhy (Abyss:4)
  48 starcursed masses
  6 wretched stars
  A salamander mystic (Snake:4)
  8 sea snakes
  2 spatial maelstroms (Abyss:4)
  3 naga ritualists
  3 swamp dragons
  An anaconda skeleton (Abyss:3)
  2 shambling mangroves
  20 large abominations
  4 salamanders
  A harpy (Lair:6)
  The ghost of varam the Charlatan, a novice GnAr (D:7)
  4 orc sorcerers (Orc:2)
  An ugly thing (D:12)
  4 mana vipers
  2 deep elf magi (Orc:2)
  5 cyclopes
  Maurice (D:8)
  4 worldbinders
  3 centaur zombies
  3 manticores
  6 guardian serpents
  10 elephants
  11 naga magi
  28 black mambas
  A torpor snail (Lair:2)
  15 spiny frogs
  2 centaur skeletons
  11 rime drakes
  A gargoyle (D:14)
  2 orange demons (Abyss:3)
  An efreet (D:15)
  5 smoke demons (Abyss:3)
  A tormentor (Abyss:4)
  A freezing wraith (D:15)
  8 komodo dragons
  4 ancient zymes
  2 tengu conjurers (D:15)
  12 hornets
  3 trolls
  3 meliai (D:14)
  7 polar bears
  A wind drake (Lair:6)
  4 hellwings (Abyss:3)
  3 tyrant leeches
  3 dream sheep (Lair:2)
  Grinder (D:5)
  3 bog bodies
  17 blink frogs
  12 hippogriffs
  9 raiju
  9 slime creatures
  2 meliai zombies
  8 redbacks (Snake:1)
  4 shadows
  A vampire (D:14)
  4 flying skulls (Abyss:3)
  5 fire bats (Abyss:3)
  A ynoxinul (Abyss:4)
  6 spriggans
  2 wyverns
  8 hogs
  40 yaks
  8 wraiths
  A chaos spawn (Abyss:3)
  11 steam dragons (Lair:3)
  A human (D:7)
  15 vampire mosquitoes
  2 basilisks
  2 hungry ghosts
  2 neqoxecs
  Menkaure (D:5)
  6 spatial vortices
  24 nagas
  An insubstantial wisp (Abyss:3)
  9 swamp worms
  6 wargs
  16 water moccasins
  5 porcupines
  A sky beast (D:14)
  Duvessa (D:6)
  2 swamp drakes
  4 black bears
  20 orc warriors
  5 phantoms
  11 ice beasts
  15 ogres
  17 centaurs
  A necrophage (D:11)
  39 wolves
  16 crocodiles
  16 bullfrogs
  2 big kobolds (D:9)
  2 elf zombies (D:12)
  Dowan (D:6)
  2 scorpions
  13 small abominations
  6 killer bees (D:11)
  6 wights
  A troll skeleton (D:12)
  8 electric eels
  A howler monkey (D:12)
  8 crimson imps
  4 quasits
  15 orc priests
  5 jellies
  4 human zombies (D:12)
  4 bullfrog skeletons
  8 hounds
  17 orc wizards
  An iron imp (Orc:2)
  A human skeleton (D:12)
  5 iguanas
  7 worker ants
  A killer bee zombie (D:8)
  An ogre zombie (D:12)
  A mummy (D:12)
  A howler monkey zombie (D:5)
  2 worker ant zombies
  4 gnolls
  A howler monkey skeleton (D:8)
  18 adders
  5 shadow imps
  A white imp (Orc:2)
  An adder skeleton (D:8)
  2 adder zombies
  5 worms
  2 dart slugs (D:1)
  9 leopard geckos
  102 orcs
  A ball python (D:1)
  7 bats
  4 giant cockroaches
  10 goblins
  5 hobgoblins
  19 jackals
  19 kobolds
  4 quokkas
  7 frilled lizards
  A jackal skeleton (D:5)
  A leopard gecko skeleton (D:6)
  2 quokka skeletons (D:5)
  7 rats
  A fungus (Lair:5)
  A lurking horror (Abyss:4)
  10 plants
  3 starspawn tentacles
1124 creatures vanquished.

Vanquished Creatures (collateral kills)
  A fire giant (D:15)
  A hydra (Lair:1)
  A spiny frog (Lair:1)
  A spriggan (shapeshifter) (Abyss:3)
  A shadow (D:15)
  A wraith (Abyss:3)
  A hungry ghost (D:15)
  2 electric eels (Snake:1)
9 creatures vanquished.

Vanquished Creatures (others)
  3 two-headed ogres
  7 hydras
  A wizard (D:14)
  A lindwurm (Lair:4)
  An ugly thing (D:11)
  A torpor snail (Lair:3)
  A komodo dragon (Lair:2)
  A troll (D:14)
  A blink frog (Lair:2)
  A vampire (D:11)
  A spatial vortex (Abyss:4)
  13 fungi
  A lurking horror (Abyss:3)
  43 plants
  10 starspawn tentacles
86 creatures vanquished.

Grand Total: 1219 creatures vanquished

Notes
Turn   | Place    | Note
-------+----------+-------------------------------------------
     0 | Abyss:1  | Gorglomux the Minotaur Abyssal Knight began the quest for the Orb.
     0 | Abyss:1  | Reached XP level 1. HP: 19/19 MP: 1/1
    68 | Abyss:1  | Noticed a large abomination
    71 | Abyss:1  | Noticed a raiju
    72 | D:1      | Escaped the Abyss
   111 | D:1      | Reached XP level 2. HP: 22/27 MP: 2/2
   177 | D:1      | Reached * piety under Lugonu
   219 | D:1      | Reached skill level 3 in Armour
   284 | D:1      | Reached skill level 3 in Axes
   287 | D:1      | Reached XP level 3. HP: 16/33 MP: 3/3
   824 | D:2      | Found a snail-covered altar of Cheibriados.
  1131 | D:2      | Reached XP level 4. HP: 41/41 MP: 4/4
  1224 | D:2      | Reached ** piety under Lugonu
  1325 | D:2      | Found an iron altar of Okawaru.
  1522 | D:2      | Found a shimmering altar of Xom.
  1595 | D:3      | Reached XP level 5. HP: 47/47 MP: 5/5
  1794 | D:3      | Found a shadowy altar of Dithmenos.
  2106 | D:3      | Found an opulent altar of Gozag.
  2353 | D:4      | Reached skill level 3 in Dodging
  3382 | D:5      | Entered Level 5 of the Dungeon
  3391 | D:5      | Reached XP level 6. HP: 39/56 MP: 6/6
  3630 | D:5      | Noticed Menkaure
  3645 | D:5      | Killed Menkaure
  3692 | D:5      | Found a stormy altar of Qazlal.
  3698 | D:5      | Found a blossoming altar of Fedhas.
  3698 | D:5      | Noticed Grinder
  3716 | D:5      | Paralysed by Grinder for 4 turns
  3721 | D:5      | Killed Grinder
  3721 | D:5      | Reached skill level 6 in Fighting
  3721 | D:5      | Reached XP level 7. HP: 35/63 MP: 7/7
  3778 | D:5      | Reached *** piety under Lugonu
  4018 | D:5      | Found an ancient bone altar of Kikubaaqudgha.
  4022 | D:5      | Found a sparkling altar of Nemelex Xobeh.
  4022 | D:5      | Found a radiant altar of Vehumet.
  4022 | D:5      | Found a hazy altar of Hepliaklqana.
  4022 | D:5      | Found an ornate altar of the Wu Jian Council.
  4376 | D:6      | Reached skill level 6 in Axes
  4376 | D:6      | Reached skill level 6 in Armour
  4376 | D:6      | Reached XP level 8. HP: 44/71 MP: 8/8
  4527 | D:6      | Noticed Dowan
  4530 | D:6      | Noticed Duvessa
  4560 | D:6      | Killed Duvessa
  4567 | D:6      | Killed Dowan
  4634 | D:6      | Found a glowing silver altar of Zin.
  4734 | D:6      | Found a runed door.
  5261 | D:7      | Found a white marble altar of Elyvilon.
  5307 | D:7      | Reached skill level 6 in Dodging
  5323 | D:7      | Reached **** piety under Lugonu
  5347 | D:7      | Found a staircase to the Ecumenical Temple.
  5709 | D:7      | Reached XP level 9. HP: 48/81 MP: 9/9
  5840 | D:7      | Noticed varam's ghost (novice GnAr)
  5915 | D:7      | Killed varam's ghost
  6427 | D:8      | Reached skill level 1 in Shields
  6460 | D:8      | Reached ***** piety under Lugonu
  6470 | D:8      | Reached skill level 6 in Invocations
  6578 | D:8      | Found a transporter.
  6590 | D:8      | Found a transporter.
  6748 | D:8      | Noticed Maurice
  6773 | D:8      | Killed Maurice
  6773 | D:8      | Reached skill level 3 in Shields
  6773 | D:8      | Reached XP level 10. HP: 21/90 MP: 13/13
  7436 | D:9      | Noticed Erolcha
  7440 | D:9      | Cast into level 1 of the Abyss (Erolcha)
  7473 | Abyss:1  | Noticed a wretched star
  7474 | D:9      | Escaped the Abyss
  7475 | D:9      | Banished Erolcha
  7730 | D:10     | Entered Level 10 of the Dungeon
  7860 | D:10     | Reached skill level 9 in Invocations
  7932 | D:10     | Found a staircase to the Orcish Mines.
  8025 | D:10     | Found a huge runed gate.
  8025 | D:10     | Found a huge runed gate.
  8025 | D:10     | Found a huge runed gate.
  8026 | D:10     | Found a huge runed gate.
  8026 | D:10     | Noticed a death yak
  8027 | D:10     | Noticed a manticore
  8135 | D:10     | Found a blossoming altar of Fedhas.
  8564 | D:11     | Found a staircase to the Lair.
  8618 | D:11     | Noticed a red ugly thing
  8619 | D:11     | Banished a red ugly thing
  8775 | D:11     | Noticed a two-headed ogre
  8777 | D:11     | Found Ecyc's Distillery.
  8787 | D:11     | Banished a two-headed ogre
  8801 | D:11     | Reached XP level 11. HP: 45/95 MP: 10/17
  8823 | D:11     | Noticed a two-headed ogre
  8823 | D:11     | Banished a two-headed ogre
  8823 | D:11     | Reached skill level 9 in Fighting
  8837 | D:11     | Bought 2 potions of heal wounds for 120 gold pieces
  8837 | D:11     | Bought a potion of degeneration for 12 gold pieces
  8837 | D:11     | Bought a potion of mutation for 96 gold pieces
  8837 | D:11     | Bought a potion of curing for 36 gold pieces
  8837 | D:11     | Bought a potion of heal wounds for 60 gold pieces
  8837 | D:11     | Bought a potion of curing for 36 gold pieces
  8837 | D:11     | Bought a potion of curing for 36 gold pieces
  8837 | D:11     | Bought 2 potions of resistance for 240 gold pieces
  8837 | D:11     | Bought a potion of curing for 36 gold pieces
  8850 | D:11     | Reached skill level 6 in Evocations
  8850 | D:11     | Reached XP level 12. HP: 79/104 MP: 13/18
  9473 | D:11     | Noticed a five-headed hydra
  9476 | D:11     | Banished a five-headed hydra
  9493 | D:11     | Reached skill level 9 in Armour
  9516 | D:11     | Noticed Fannar
  9574 | D:11     | Banished Fannar
 10193 | Lair:1   | Entered Level 1 of the Lair of Beasts
 10722 | Lair:1   | Identified the Handbook of the Cankerous Voyage
 10792 | Lair:1   | Noticed a five-headed hydra
 10812 | Lair:1   | Killed a seven-headed hydra
 11310 | Lair:2   | Reached skill level 9 in Dodging
 11816 | Lair:2   | Reached skill level 12 in Axes
 12022 | Lair:2   | Found a staircase to the Snake Pit.
 12040 | Lair:2   | Reached XP level 13. HP: 115/115 MP: 19/19
 14827 | Lair:4   | Got a pair of slimy gloves
 14845 | Lair:4   | Identified the cursed +0 pair of gloves of Tender Moments {rF+ Str+3} (You found it on level 4 of the Lair of Beasts)
 14863 | Lair:4   | Reached skill level 12 in Fighting
 15240 | Lair:4   | Noticed Urug
 15252 | Lair:4   | Killed Urug
 15334 | Lair:4   | Found a staircase to the Swamp.
 15734 | Lair:5   | Reached skill level 12 in Armour
 15803 | Lair:5   | Identified a scroll of acquirement
 16149 | Lair:5   | Reached XP level 14. HP: 103/127 MP: 20/20
 16753 | Lair:6   | Entered Level 6 of the Lair of Beasts
 17403 | Lair:6   | Found a viscous altar of Jiyva.
 17403 | Lair:6   | Found a staircase to the Slime Pits.
 17573 | Lair:6   | Found the +3 robe of Folly {Archmagi, MR-- Int+5}
 17742 | Lair:6   | Found a snail-covered altar of Cheibriados.
 18391 | D:12     | Reached skill level 12 in Dodging
 18791 | D:12     | Found a basalt altar of Yredelemnul.
 19127 | D:13     | Found a gate to the Vaults.
 19351 | D:13     | Noticed Josephine
 19361 | D:13     | Banished Josephine
 19587 | D:13     | Noticed Snorg
 19596 | D:13     | Killed Snorg
 19710 | D:13     | You fall through a shaft for 2 floors!
 19710 | D:15     | Entered Level 15 of the Dungeon
 19727 | D:15     | Reached XP level 15. HP: 113/138 MP: 21/21
 19753 | D:15     | Reached ****** piety under Lugonu
 20179 | D:14     | Reached skill level 15 in Axes
 20456 | Temple   | Entered the Ecumenical Temple
 20520 | Temple   | Fell from the grace of Lugonu
 20520 | Temple   | Became a worshipper of Makhleb the Destroyer
 20934 | D:14     | Found Ceipluam's Antique Armour Shoppe.
 20946 | D:14     | Found a shimmering altar of Xom.
 21085 | D:14     | Noticed a tentacled starspawn
 21221 | D:13     | You fall through a shaft for 2 floors!
 21344 | D:15     | Found a staircase to the Depths.
 21344 | D:15     | Noticed a fire giant
 21579 | D:15     | Killed a fire giant
 21994 | D:14     | Killed a tentacled starspawn
 22976 | Orc:1    | Entered Level 1 of the Orcish Mines
 22976 | Orc:1    | Found a radiant altar of Vehumet.
 23034 | Orc:1    | Noticed Nergalle
 23058 | Orc:1    | Reached * piety under Makhleb
 23058 | Orc:1    | Killed Nergalle
 23092 | Orc:1    | Found Vikonih's Distillery.
 23137 | Orc:1    | Bought a potion of agility for 44 gold pieces
 23137 | Orc:1    | Bought a potion of mutation for 88 gold pieces
 23137 | Orc:1    | Bought a potion of might for 44 gold pieces
 23137 | Orc:1    | Bought a potion of mutation for 88 gold pieces
 23137 | Orc:1    | Bought a potion of heal wounds for 55 gold pieces
 23137 | Orc:1    | Bought a potion of cancellation for 88 gold pieces
 23294 | Orc:2    | Entered Level 2 of the Orcish Mines
 23398 | Orc:2    | Reached ** piety under Makhleb
 23523 | Orc:2    | Found a roughly hewn altar of Beogh.
 23525 | Orc:2    | Found Xalygig's Assorted Antiques.
 23620 | Orc:2    | Found a roughly hewn altar of Beogh.
 23667 | Orc:2    | Found a staircase to the Elven Halls.
 23965 | Orc:2    | Reached *** piety under Makhleb
 23970 | Orc:2    | Found a roughly hewn altar of Beogh.
 23971 | Orc:2    | Found Weanga's Food Emporium.
 24073 | Orc:2    | Found a roughly hewn altar of Beogh.
 24175 | Orc:2    | Found a roughly hewn altar of Beogh.
 24304 | Orc:2    | Noticed an orc warlord
 24331 | Orc:2    | Killed an orc warlord
 24343 | Orc:2    | Found Tekkaer's Antique Weapon Shop.
 24365 | Orc:2    | Found Raduur's Antique Armour Boutique.
 24366 | Orc:2    | Found a roughly hewn altar of Beogh.
 24392 | Orc:2    | Cast into level 2 of the Abyss (Lugonu's touch)
 24416 | Abyss:2  | Noticed a tentacled starspawn
 24416 | Abyss:3  | Found a corrupted altar of Lugonu.
 24586 | Abyss:3  | Reached **** piety under Makhleb
 24721 | Abyss:3  | Noticed a daeva
 24726 | Abyss:3  | Reached skill level 15 in Fighting
 24731 | Abyss:3  | Killed a daeva
 24783 | Abyss:3  | Gained mutation: You are dopey. (Int -2) [a neqoxec]
 24786 | Abyss:3  | Noticed a tentacled starspawn
 24923 | Orc:2    | Escaped the Abyss
 25115 | Orc:2    | Found a roughly hewn altar of Beogh.
 25170 | Orc:2    | Found a roughly hewn altar of Beogh.
 26124 | Snake:1  | Entered Level 1 of the Snake Pit
 26149 | Snake:1  | Reached skill level 15 in Armour
 26155 | Snake:1  | HP: 6/141 [naga warrior/glaive (11)]
 26155 | Snake:1  | HP: 1/141 [naga warrior/glaive (5)]
 26159 | Snake:1  | Reached ***** piety under Makhleb
 26162 | Snake:1  | Reached XP level 16. HP: 43/149 MP: 22/22
 27993 | Snake:1  | Cast into level 3 of the Abyss (Lugonu's touch)
 27993 | Abyss:3  | Found a corrupted altar of Lugonu.
 28321 | Snake:1  | Escaped the Abyss
 28605 | Snake:1  | Gained mutation: You are occasionally teleported next to monsters. [mutagenic glow]
 28956 | Snake:1  | Lost mutation: You are occasionally teleported next to monsters. [potion of mutation]
 28956 | Snake:1  | Lost mutation: You are dopey. (Int -2) [potion of mutation]
 28956 | Snake:1  | Gained mutation: You are resistant to hostile enchantments. (MR+) [potion of mutation]
 29328 | Snake:2  | Reached skill level 6 in Shields
 29876 | Snake:2  | Identified the Disquisition on Mutagenic Poison
 30504 | Snake:2  | Gained mutation: Your spells are a little easier to cast, but a little less powerful. [mutagenic glow]
 30547 | Snake:2  | Gained mutation: You are frail. (-10% HP) [mutagenic glow]
 30679 | Snake:2  | Lost mutation: Your spells are a little easier to cast, but a little less powerful. [potion of mutation]
 30679 | Snake:2  | Lost mutation: You are resistant to hostile enchantments. (MR+) [potion of mutation]
 30679 | Snake:2  | Gained mutation: Your spells are a little easier to cast, but a little less powerful. [potion of mutation]
 30679 | Snake:2  | Gained mutation: You possess an exceptional clarity of mind. [potion of mutation]
 30680 | Snake:2  | Lost mutation: You possess an exceptional clarity of mind. [potion of mutation]
 30680 | Snake:2  | Lost mutation: Your spells are a little easier to cast, but a little less powerful. [potion of mutation]
 30680 | Snake:2  | Lost mutation: You are frail. (-10% HP) [potion of mutation]
 30680 | Snake:2  | Gained mutation: You are partially covered in icy blue scales. (AC +2) [potion of mutation]
 30680 | Snake:2  | Gained mutation: You can translocate small distances at will. [potion of mutation]
 30680 | Snake:2  | Gained mutation: Your flesh is cold resistant. (rC+) [potion of mutation]
 31984 | Snake:3  | Reached ****** piety under Makhleb
 32159 | Snake:3  | Noticed a tentacled starspawn
 32164 | Snake:3  | Killed a tentacled starspawn
 32483 | Snake:4  | Entered Level 4 of the Snake Pit
 33234 | Swamp:1  | Entered Level 1 of the Swamp
 33473 | Swamp:1  | Reached XP level 17. HP: 159/159 MP: 23/23
 33575 | Swamp:1  | Noticed Aizul
 33604 | Swamp:1  | Killed Aizul
 34987 | Swamp:2  | Cast into level 4 of the Abyss (Lugonu's touch)
 35138 | Abyss:4  | Reached skill level 9 in Shields
 35235 | Abyss:4  | Was forgiven by Lugonu
 35315 | Abyss:4  | Gained mutation: You are frail. (-10% HP) [a neqoxec]
 35328 | Abyss:4  | Lost mutation: You are frail. (-10% HP) [potion of mutation]
 35328 | Abyss:4  | Lost mutation: You can translocate small distances at will. [potion of mutation]
 35328 | Abyss:4  | Gained mutation: Your skin changes colour to match your surroundings (Stealth+). [potion of mutation]
 35376 | Swamp:2  | Escaped the Abyss
 36270 | Snake:4  | Found Ysulycarr's Food Emporium.
 36270 | Snake:4  | Found Libliucw's Food Emporium.
 36275 | Snake:4  | Found Wemuiqur's Jewellery Emporium.
 36276 | Snake:4  | Found Deffeqacve's General Store.
 36296 | Snake:4  | Bought a scroll of blinking for 82 gold pieces
 36911 | Snake:4  | HP: 5/161 [anaconda (10)]
 36911 | Snake:4  | Killed from afar by a nagaraja

Vault maps used:
D:1:      minmay_arrival_glassed_features
D:2:      cheibriados_altar_1, marbit_many_paths, okawaru_altar_gauntlet_db
D:3:      nicolae_dithmenos_shadow_blocks, grunt_gozag_breadcrumbs,
          first_ration, fountainhead
D:5:      grunt_temple_overflow_forces_of_nature, minitemple,
          minmay_misc_feat_rows, uniq_grinder, uniq_menkaure
D:6:      zin_statuary, kennysheep_generic_room_11, uniq_duvessa,
          uniq_crazy_yiuf_cottage
D:7:      elyvilon_altar_4, minmay_temple_entry_junction_2, grunt_livestock
D:8:      gammafunk_steamed_eel, special_room, uniq_maurice
D:9:      uniq_erolcha
D:10:     lemuel_bear_cage, orc_0_dummy, fedhas_altar_3
D:11:     dpeg_oklobed_lair, serial_shops, shop, hangedman_decor_opposing,
          uniq_fannar
D:12:     portal_ice_cave_entry_ice_beasts, lemuel_mausoleum_altar_yredelemnul
D:13:     erik_vaults_2, kennysheep_generic_room_14, uniq_josephine, uniq_snorg
D:14:     palyth_stone_intersect, serial_shops, shop, basic_altar
D:15:     grunt_enter_depths_giant_problem, corexii_leaking_fountain
Temple:   jpeg_temple_island
Lair:1:   bh_autumn_forest_stairs
Lair:2:   dummy_snake_entry, minivault_11, st_stairs_5,
          grunt_forest_large_clearings
Lair:3:   bobbens_dragon_lair_wall
Lair:4:   minmay_lair_oklob_tunnel, swamp_mist_pool, grunt_megastairs_5,
          uniq_urug
Lair:5:   wad_woods_river_01
Lair:6:   gammafunk_lair_ancient_temple, slime_altar_1, lemuel_oklob_altar
Swamp:1:  evilmike_swamp_ruin_house_5, uniq_aizul
Swamp:2:  serial_swamp_ruin, evilmike_swamp_ruin_rubble_1,
          evilmike_swamp_ruin_house_4
Snake:1:  spider_trap
Snake:2:  nrook_guardian_serpent_ordinary
Snake:4:  johnstein_snake_rune_scales, spider_trap, minmay_shop_grid_forest
Orc:1:    serial_shops, nicolae_shop_trees, basic_altar, uniq_nergalle
Orc:2:    grunt_orc_community_town_hall, grunt_orc_community_big_house_1,
          grunt_orc_community_big_house_1, grunt_orc_community_house_3,
          grunt_orc_community_house_3, grunt_orc_community_house_3,
          grunt_orc_community_house_1, grunt_orc_community_house_2,
          hangedman_minor_magic
Abyss:3:  hangedman_abyss_rune_macabre_mess, onia_ninara_dug_in_and_dangerous,
          guppyfry_abyss_exit_imp_island,
          dshaligram_kb_abyss_rune_zappy_water_cross

Skill      XL: |  1  2  3  4  5  6  7  8  9 10 11 12 13 14 15 16 17 |
---------------+----------------------------------------------------+-----
Fighting       | 4 5 6 8 9 10 12 14 15 16 17 | 17.2
Armour         | 3 4 5 6 7 8 10 12 13 15 16 17 | 17.0
Axes           | 3 4 5 6 7 8 10 12 13 14 16 17 | 17.9
Dodging        | 2 3 4 5 6 7 9 11 12 13 | 13.9
Invocations    | 6 10 | 10.1
Shields        | 3 4 8 10 | 10.0
Evocations     | 6 |  6.5

Action                   |  1- 3 |  4- 6 |  7- 9 | 10-12 | 13-15 | 16-18 || total
-------------------------+-------+-------+-------+-------+-------+-------++-------
Melee: Hand axe          |    18 |       |    15 |   412 |   304 |       ||   749
       Headbutt          |     9 |    32 |   108 |   150 |   318 |   216 ||   833
       Dagger            |    72 |   140 |   437 |   327 |    99 |       ||  1075
       Broad axe         |       |       |       |       |  1105 |   971 ||  2076
       Scimitar          |       |       |       |       |       |     4 ||     4
Invok: Depart the Abyss  |     1 |       |       |     1 |       |       ||     2
       Bend Space        |       |     1 |       |     2 |     8 |       ||    11
       Banish            |       |       |       |    12 |    16 |       ||    28
       Lesser Servant of |       |       |       |       |     2 |     2 ||     4
       Minor Destruction |       |       |       |       |       |    25 ||    25
Evoke: Wand              |       |       |     3 |    11 |    11 |    23 ||    48
       Phial of floods   |       |       |       |     1 |     1 |       ||     2
  Use: Scroll            |       |     1 |     4 |    13 |    25 |     7 ||    50
       Potion            |       |     5 |       |     3 |    12 |     7 ||    27
 Stab: Paralysed         |       |       |       |       |       |     9 ||     9
       Distracted        |       |       |       |       |       |     1 ||     1
  Eat: Chunk             |     1 |     4 |    11 |    23 |    41 |    10 ||    90
       Ration            |       |     1 |       |       |     5 |     7 ||    13
Armor: Leather armour    |    25 |    29 |       |       |       |       ||    54
       Chain mail        |       |    14 |   240 |   328 |   696 |   301 ||  1579
       Skin              |       |       |       |     1 |       |       ||     1
Dodge: Dodged            |    59 |    77 |   203 |   359 |   934 |   310 ||  1942
Block: Buckler           |       |       |     6 |   148 |   268 |     3 ||   425
       Large shield      |       |       |       |       |       |   672 ||   672

Table legend:
 A = Spawn XP
 B = Non-spawn XP
 C = Spawn XP percentage of total XP
 D = Spawn monster count
 E = Non-spawn monster count
 F = Spawn count percentage of total count
 G = Total turns spent on level
                    A         B        C        D         E        F      G
               +---------+---------+-------+---------+---------+-------+---------
         Total |   31692 |  219134 |  12.6 |      69 |     993 |   6.5 | 36911
               +---------+---------+-------+---------+---------+-------+---------
           D:1 |       0 |      69 |   0.0 |       0 |      33 |   0.0 |   752
           D:2 |       0 |     118 |   0.0 |       0 |      29 |   0.0 |   761
           D:3 |       0 |      45 |   0.0 |       0 |      17 |   0.0 |   726
           D:4 |       0 |     136 |   0.0 |       0 |       7 |   0.0 |  1125
           D:5 |       0 |     858 |   0.0 |       0 |      24 |   0.0 |   804
           D:6 |       0 |     950 |   0.0 |       0 |      16 |   0.0 |   922
           D:7 |       0 |    2094 |   0.0 |       0 |      28 |   0.0 |   824
           D:8 |       0 |    1441 |   0.0 |       0 |      44 |   0.0 |  1138
           D:9 |       0 |    1866 |   0.0 |       0 |      32 |   0.0 |   634
          D:10 |       0 |    4492 |   0.0 |       0 |      20 |   0.0 |   998
          D:11 |       0 |    8568 |   0.0 |       0 |      59 |   0.0 |  1899
          D:12 |       0 |    5498 |   0.0 |       0 |      41 |   0.0 |  1068
          D:13 |       0 |   12949 |   0.0 |       0 |      28 |   0.0 |   899
          D:14 |       0 |    9203 |   0.0 |       0 |      34 |   0.0 |  1548
          D:15 |       0 |    8277 |   0.0 |       0 |      23 |   0.0 |  1201
        Lair:1 |       0 |    3710 |   0.0 |       0 |      13 |   0.0 |  1208
        Lair:2 |       0 |   10546 |   0.0 |       0 |      57 |   0.0 |  3000
        Lair:3 |       0 |    7332 |   0.0 |       0 |      36 |   0.0 |   999
        Lair:4 |       0 |    9833 |   0.0 |       0 |      34 |   0.0 |  1240
        Lair:5 |       0 |    7695 |   0.0 |       0 |      26 |   0.0 |  1429
        Lair:6 |       0 |   16308 |   0.0 |       0 |      51 |   0.0 |  1006
       Swamp:1 |       0 |   12931 |   0.0 |       0 |      33 |   0.0 |  1102
       Swamp:2 |       0 |   12843 |   0.0 |       0 |      33 |   0.0 |  1106
       Snake:1 |       0 |   19542 |   0.0 |       0 |      47 |   0.0 |  2353
       Snake:2 |       0 |    6821 |   0.0 |       0 |      12 |   0.0 |  2239
       Snake:3 |       0 |   21268 |   0.0 |       0 |      41 |   0.0 |  1280
       Snake:4 |       0 |   15488 |   0.0 |       0 |      30 |   0.0 |   707
         Orc:1 |       0 |    1710 |   0.0 |       0 |      14 |   0.0 |   321
         Orc:2 |       0 |   11486 |   0.0 |       0 |     114 |   0.0 |  2185
       Abyss:3 |   20047 |    1282 |  94.0 |      52 |       4 |  92.9 |   835
       Abyss:4 |   11645 |    3775 |  75.5 |      17 |      13 |  56.7 |   389
               +---------+---------+-------+---------+---------+-------+---------
